 Dungeon Crawl Stone Soup version 0.26-a0-497-g0187308201 (webtiles) character file.

Game seed: 12195302773789917838

58 Murumi the Shield-Bearer (level 4, -6/37 HPs)
             Began as a Formicid Fighter on Aug 6, 2020.
             Mangled by a worm (8 damage)
             ... on level 2 of the Dungeon.
             The game lasted 00:06:06 (865 turns).

Murumi the Shield-Bearer (Formicid Fighter)          Turns: 865, Time: 00:06:06

Health: -6/37      AC:  7    Str: 21    XL:     4   Next: 21%
Magic:  4/4        EV:  8    Int:  7    God:
Gold:   28         SH: 10    Dex: 11    Spells: 3/3 levels left

rFire    . . .     SeeInvis +   a - +0 long sword
rCold    . . .     Faith    .   c - +1 kite shield
rNeg     . . .     Spirit   .   e - +0 scale mail (curse)
rPois    .         Reflect  .   (helmet unavailable)
rElec    .         Harm     .   (no cloak)
rCorr    .                      (no gloves)
MR       .....                  (no boots)
Stlth    ..........             (no amulet)
HPRegen  0.12/turn              (no ring)
MPRegen  0.09/turn              (no ring)

@: mighty, lethally poisoned (-6 -> -7), very slightly contaminated, invisible
A: permanent stasis, dig shafts and tunnels, four strong arms, antennae 3
a: Dig, Shaft Self


You were on level 2 of the Dungeon.
You visited 1 branch of the dungeon, and saw 2 of its levels.

You collected 28 gold pieces.

Inventory:

Hand Weapons
 a - a +0 long sword (weapon)
Missiles
 f - 17 bolts
Armour
 c - a +1 kite shield (worn)
 e - a cursed +0 scale mail (worn)


   Skills:
 - Level 4.0 Fighting
 + Level 2.3 Long Blades
 - Level 4.0 Armour
 - Level 1.0 Dodging
 - Level 4.0 Shields


You had 3 spell levels left.
You didn't know any spells.
Your spell library was empty.

Dungeon Overview and Level Annotations

Branches:
Dungeon (2/15)

Altars:


Innate Abilities, Weirdness & Mutations

You cannot be hasted, slowed, berserked, paralysed or teleported.
You can dig through walls and to a lower floor.
Your four strong arms can wield two-handed weapons with a shield.
You have a pair of large antennae on your head. (SInv)


Message History

You slash the goblin!
You kill the goblin!
The goblin unwields a +0 hunting sling.
The goblin wields a +0 dagger.
The goblin hits you with a +0 dagger.
* * * LOW HITPOINT WARNING * * *
You closely miss the goblin.
* * * LOW HITPOINT WARNING * * *
You feel sick. The goblin closely misses you.
You barely miss the goblin. The goblin barely misses you.
You riposte.
You barely miss the goblin. You closely miss the goblin.
You block the goblin's attack.
You slash the goblin!
You kill the goblin!
* * * LOW HITPOINT WARNING * * *
You feel sick.
You barely miss the worm. You block the worm's attack.
You hit the worm.
The worm is moderately wounded.
The worm bites you!
You die...

#.^.#.#######
##.##g......#
####.......#
..#...).....#
.............#
########{....#
##{{...#
#w###### ##@#
###


You could see a worm.

Vanquished Creatures
  2 adders (D:2)
  A dart slug (D:1)
  A leopard gecko (D:1)
  A bat (D:2)
  2 giant cockroaches
  5 goblins
  6 hobgoblins (D:1)
  4 jackals (D:1)
  8 kobolds
  A frilled lizard (D:2)
  3 rats (D:1)
34 creatures vanquished.

Notes
Turn   | Place    | Note
-------+----------+-------------------------------------------
     0 | D:1      | Murumi the Formicid Fighter began the quest for the Orb.
     0 | D:1      | Reached XP level 1. HP: 18/18 MP: 1/1
    48 | D:1      | Reached skill level 1 in Dodging
    59 | D:1      | Reached XP level 2. HP: 24/24 MP: 2/2
   361 | D:1      | Reached XP level 3. HP: 30/30 MP: 3/3
   853 | D:2      | Reached XP level 4. HP: 7/37 MP: 4/4
   865 | D:2      | Mangled by a worm

Illustrated notes

Levels and vault maps discovered:
D:1:      sevenhm_arrival_forest_fort_small_3, layout_basic,
          serial_corexii_hall, corexii_hall_statues_x, corexii_hall_statues_s
D:2:      minmay_alternating_diamond, layout_rooms

Skill      XL: |  1  2  3 |
---------------+----------+-----
Dodging        | 1 |  1.0
Shields        | 4 |  4.0
Fighting       | 4 |  4.0
Armour         | 4 |  4.0
Long Blades    | |  2.3

Action                   |  1- 3 |  4- 6 || total
-------------------------+-------+-------++-------
Melee: Long sword        |    90 |    12 ||   102
 Abil: Dig               |     7 |       ||     7
  Use: Scroll            |     2 |       ||     2
       Potion            |     2 |       ||     2
 Stab: Invisible         |     2 |       ||     2
Armor: Scale mail        |    43 |       ||    43
Dodge: Dodged            |    29 |     5 ||    34
Block: Kite shield       |    66 |     4 ||    70
       Rpst.: Long sword |    11 |     2 ||    13

Table legend: (Time is in decaauts)
 A = Elapsed time spent in this place.
 B = Non-inter-level travel time spent in this place.
 C = Inter-level travel time spent in this place.
 D = Time resting spent in this place.
 E = Time spent auto-exploring this place.
 F = Levels seen in this place.
 G = Mean time per level.
                   A        B        C        D        E       F      G
               +--------+--------+--------+--------+--------+-----+--------+
         Total |    903 |    889 |     14 |      0 |    585 |   2 |  451.5 |
       Dungeon |    903 |    889 |     14 |      0 |    585 |   2 |  451.5 |
               +--------+--------+--------+--------+--------+-----+--------+

Top non-repeatable levels by time:
     D:1: 834 daAuts
     D:2: 69 daAuts
